[Event "10th Norway Chess 2022"]
[Site "Stavanger"]
[Date "2022.05.31"]
[Round "1.1"]
[White "Carlsen, Magnus"]
[Black "Wang, Hao"]
[Result "1/2-1/2"]
[ECO "D02"]
[WhiteElo "2864"]
[BlackElo "2744"]
[Annotator "TA"]
[PlyCount "93"]
[EventDate "2022.05.30"]
[EventType "tourn"]
[EventCountry "NOR"]
[SourceTitle "playchess.com"]
[Source "ChessBase"]
[SourceQuality "1"]
[TimeControl "40/7200:0"]

1. Nf3 d5 2. g3 Nd7 3. d4 Nb6 4. b3 Bf5 {[%emt 0:01:16] [#]} 5. Nh4 $146 ({Predecessor:} 5. Ba3 h6 6. Bg2 Nf6 7. O-O g5 8. c4 Bg7 9. Nc3 Ne4 10. Rc1 c6 11. cxd5 Nxc3 12. Rxc3 Nxd5 {0-1 (46) Demidov,M (2551)-Khusnutdinov,R (2484) Chess.com INT 2021}) 5... e6 6. Nxf5 {[%emt 0:00:40] D02: 1 d4 d5 2 Nf3 sidelines, including 2...Nf6 3 g3 and 2...Nf6 3 Bf4.} exf5 7. Qd3 g6 8. Bg2 {[%emt 0:01:16] White is slightly better.} Nf6 9. O-O Be7 10. c4 c6 11. Bh6 Bf8 12. Bg5 {[%emt 0:01:53] Black must now prevent Qe3+. A strong pair of Bishops.} Be7 13. a4 a5 14. Nc3 O-O 15. Bxf6 {[%emt 0:00:36] White is more active.} (15. Rfc1 {seems wilder.} Qc8 16. e3 Rd8 17. h4) 15... Bxf6 16. cxd5 Nxd5 17. Nxd5 cxd5 18. e3 (18. Rfc1 $16) 18... Qd7 $1 $14 19. Qb5 Rfd8 20. Rfc1 Be7 $1 {[%emt 0:00:37] Inhibits Rc5.} 21. Rc2 (21. Qb6 $5 ) 21... Kg7 22. Qb6 Qe6 23. Qb5 Qd7 {[%emt 0:03:04] Inhibits Rc7.} 24. Qf1 Ra6 25. Bf3 Rb6 {[%emt 0:02:46] Prevents Qb5.} 26. Qd3 Qe6 27. Kg2 h5 28. h4 Bb4 29. Kg1 Be7 30. Rb1 Bb4 31. Qf1 Rc6 32. Rxc6 bxc6 33. Rc1 Rd6 34. Kg2 Qe7 35. Qa6 c5 36. Qd3 cxd4 37. Qxd4+ Qf6 38. Rc7 Qxd4 {[%emt 0:00:49] The position is equal.} 39. exd4 $11 {[%emt 0:00:02][%mdl 4096] Endgame KRB-KRB} Kf6 40. Rb7 Ke6 41. Rb5 Rd8 42. Kf1 Rd6 43. Ke2 Rd8 44. Rb7 Bc3 45. Kd3 Be1 46. Ke3 Bb4 47. Rb5 {[%emt 0:00:51] Weighted Error Value: White=0.06 (flawless) /Black=0.04 (flawless)} 1/2-1/2

[Event "10th Norway Chess 2022"]
[Site "Stavanger"]
[Date "2022.05.31"]
[Round "1.1"]
[White "Mamedyarov, Shakhriyar"]
[Black "Tari, Aryan"]
[Result "1/2-1/2"]
[ECO "E39"]
[WhiteElo "2770"]
[BlackElo "2654"]
[Annotator "TA"]
[PlyCount "55"]
[EventDate "2022.05.30"]
[EventType "tourn"]
[EventCountry "NOR"]
[SourceTitle "playchess.com"]
[Source "ChessBase"]
[SourceQuality "1"]
[TimeControl "40/7200:0"]

1. d4 Nf6 2. c4 e6 3. Nc3 Bb4 4. Nf3 O-O 5. Qc2 c5 6. dxc5 Na6 7. g3 Nxc5 8. Bg2 Nce4 9. O-O Bxc3 {[%emt 0:00:15] E39: Nimzo-Indian: Classical: 4...c5 5 dxc5 0-0.} 10. bxc3 Qc7 11. Nd4 d5 12. cxd5 exd5 13. Bf4 Qc5 14. Rfb1 {[%emt 0:02:04] [#]} b6 $146 ({Predecessor:} 14... Re8 15. a4 b6 16. a5 Bd7 17. Be3 bxa5 18. Nb5 Qc6 19. Rxa5 Ng4 20. Bxe4 Rxe4 21. Bxa7 Rae8 22. Nd4 Qh6 23. h4 Nxf2 24. Kxf2 Rxh4 25. gxh4 Qe3+ {½-½ (25) Schwedek,T-Thelen,A (2292) GER email 2015}) 15. Rb5 Qxc3 16. Qxc3 Nxc3 {[%emt 0:00:06] Pair of Knights!} 17. Rb3 Nce4 18. a4 Bd7 19. a5 Rfc8 20. axb6 axb6 {[%emt 0:00:12] The position is equal.} 21. Rxa8 Rxa8 22. Rxb6 Ra1+ 23. Bf1 h6 24. Nc2 Ra2 25. Nb4 Ra1 26. Nc2 Ra2 27. Nb4 Ra1 {[%emt 0:00:05] [#] ( -> ...Bh3)} 28. Nc2 {[%emt 0:00:04] An even fight not without its subleties.  Weighted Error Value: White=0.03 (flawless) /Black=0.02 (flawless)} 1/2-1/2

[Event "10th Norway Chess 2022"]
[Site "Stavanger"]
[Date "2022.05.31"]
[Round "1.1"]
[White "So, Wesley"]
[Black "Radjabov, Teimour"]
[Result "1-0"]
[ECO "C54"]
[WhiteElo "2766"]
[BlackElo "2753"]
[Annotator "TA"]
[PlyCount "75"]
[EventDate "2022.05.30"]
[EventType "tourn"]
[EventCountry "NOR"]
[SourceTitle "playchess.com"]
[Source "ChessBase"]
[SourceQuality "1"]
[TimeControl "40/7200:0"]

1. e4 e5 2. Nf3 Nc6 3. Bc4 Bc5 4. O-O Nf6 5. d3 d6 (5... O-O 6. Bg5 h6 7. Bh4 Be7 8. Bg3 d6 9. a4 Nh7 10. Nc3 Ng5 11. Nd2 Ne6 12. Nd5 Bg5 13. Nf3 Ne7 14. h4 Bf4 15. Bxf4 exf4 16. Nxe7+ Qxe7 17. d4 g5 18. Nh2 gxh4 19. Re1 Kh8 {0-1 (25) So,W (2778)-Radjabov,T (2763) chess24.com INT 2021}) 6. c3 a5 {[%emt 0:01:23] 6...h6 is the modern continuation. C54: Giuoco Piano: 4 c3 Nf6, main lines with 5 d4 and 5 d3.} 7. Re1 O-O 8. h3 h6 {[%emt 0:00:54] The position is equal.} 9. Nbd2 Be6 10. Bb5 Nd7 11. Nf1 {[%emt 0:03:05] Threatening d4.} d5 (11... f5 {seems wilder.} 12. exf5 Bxf5 13. Ng3 Bh7) 12. Be3 dxe4 13. dxe4 {[%emt 0:00:07] [#]} Qe7 $146 ({Predecessor:} 13... Qf6 14. Qe2 Rfd8 15. Red1 Bf8 16. Ng3 a4 17. Nh2 Qg6 18. Ng4 Bd6 19. Bc4 Bxc4 20. Qxc4 {½-½ (36) Dominguez Perez,L (2753)-So,W (2776) Bucharest 2022}) 14. Qe2 Rfd8 15. Red1 a4 16. Qc2 a3 17. b4 Bd6 18. N1d2 Nb6 19. Bxb6 cxb6 20. Bc4 Rdc8 (20... Rac8 $11 {keeps the balance.}) 21. Qd3 Nd8 22. Bxe6 Qxe6 (22... Nxe6 $142 23. Nc4 Bc7) 23. Nf1 $1 $16 Bf8 24. Ne3 f6 25. Nd5 Nf7 26. Nd2 {[%emt 0:04:45] White is more active.} Ra6 27. Rab1 (27. c4 $18) 27... b5 28. Qxb5 Nd6 29. Qd3 {[%emt 0:01:31] Hoping for c4.} b5 {[%emt 0:00:04] Inhibits c4.} 30. Rbc1 Rac6 {[%emt 0:01:21] Prevents c4.} 31. Rc2 f5 {[%emt 0:03:20] [#]} (31... Kh8 $16 32. Nb3 Rb8) 32. exf5 $1 $18 Nxf5 {[%emt 0:00:03][%cal Of5d4] [#]} 33. Nb3 {[%emt 0:00:05][%cal Bd2b3,Bb3a5,Ba5c4,Bc4a3][%mdl 32] Prevents Nd4.} ({But not} 33. Qxb5 $2 Nd4 34. cxd4 Rxc2 35. dxe5 Qxe5 $19) 33... Rc4 34. Na5 e4 35. Re2 {[%emt 0:02:12] And now Qb1 would win.} Re8 $2 (35... exd3 {keeps fighting.} 36. Rxe6 Rxc3 37. Nxc3 Rxc3) 36. Nxc4 {[%emt 0:00:24] Pair of Knights! White is winning.} exd3 37. Rxe6 Rxe6 38. Nxa3 {[%emt 0:00:02] Weighted Error Value: White=0.07 (flawless) /Black=0.20 (precise)} 1-0

[Event "10th Norway Chess 2022"]
[Site "Stavanger"]
[Date "2022.05.31"]
[Round "1.1"]
[White "Giri, Anish"]
[Black "Topalov, Veselin"]
[Result "1/2-1/2"]
[ECO "E11"]
[WhiteElo "2761"]
[BlackElo "2730"]
[Annotator "TA"]
[PlyCount "63"]
[EventDate "2022.05.30"]
[EventType "tourn"]
[EventCountry "NOR"]
[SourceTitle "playchess.com"]
[Source "ChessBase"]
[SourceQuality "1"]
[TimeControl "40/7200:0"]

1. d4 Nf6 2. c4 e6 3. Nf3 d5 4. g3 Bb4+ 5. Bd2 Be7 6. Bg2 O-O 7. O-O Nbd7 8. Qc2 c6 9. Bf4 b6 {[%emt 0:01:45] E11: Bogo-Indian.} 10. Nbd2 Nh5 11. e3 $1 {[%emt 0:00:58][%mdl 4] outshines the older 11.Be3.} Nxf4 12. exf4 Bb7 13. cxd5 cxd5 14. Rfc1 Rc8 {[%emt 0:05:20] [#]} 15. Qa4 $146 ({Predecessor:} 15. Qd1 Rxc1 16. Rxc1 Qb8 17. Bf1 Rc8 18. Bb5 Rxc1 19. Qxc1 Qc8 20. Qxc8+ Bxc8 21. Kf1 {0-1 (58) Giri,A (2764)-Van Foreest,J (2682) chess24.com INT 2020}) 15... a6 16. Qb3 b5 17. Rxc8 Qxc8 18. a4 bxa4 19. Qxa4 Nb6 20. Qd1 Nc4 21. Rc1 Qb8 (21... Nxb2 $2 22. Rxc8 Nxd1 23. Rc7 $18) 22. Nxc4 dxc4 23. Qe2 Bf6 (23... Bd5 $11) 24. Rxc4 ({White should play} 24. Ne5 $14 Bxe5 25. dxe5) 24... Bd5 {[%emt 0:04:05] A strong pair of Bishops. The position is equal.} 25. Rc1 Bxf3 26. Bxf3 (26. Qxf3 {feels hotter.} Qxb2 27. Rc6 Bxd4 28. Rxa6 g6 29. Ra8) 26... Bxd4 27. Ra1 Qxb2 28. Qxb2 Bxb2 29. Rxa6 g6 30. Kg2 Kg7 31. Ra8 Rxa8 32. Bxa8 {[%emt 0:00:03] An interesting draw.  Weighted Error Value: White=0.06 (flawless) /Black=0.07 (flawless)} 1/2-1/2

[Event "10th Norway Chess 2022"]
[Site "Stavanger"]
[Date "2022.05.31"]
[Round "1.1"]
[White "Anand, Viswanathan"]
[Black "Vachier-Lagrave, Maxime"]
[Result "1-0"]
[ECO "B52"]
[WhiteElo "2751"]
[BlackElo "2750"]
[Annotator "TA"]
[PlyCount "79"]
[EventDate "2022.05.30"]
[EventType "tourn"]
[EventCountry "NOR"]
[SourceTitle "playchess.com"]
[Source "ChessBase"]
[SourceQuality "1"]
[TimeControl "40/7200:0"]

1. e4 c5 2. Nf3 d6 3. Bb5+ Bd7 4. Bxd7+ Qxd7 5. c4 Nf6 6. Nc3 Nc6 7. d4 cxd4 8. Nxd4 g6 9. f3 Bg7 10. Be3 O-O 11. O-O a6 12. Nb3 $5 {[%emt 0:02:33][%mdl 4] [#] Exploring less charted territory. B52: Sicilian: Moscow Variation with 3...Bd7.} e6 $146 ({Predecessor:} 12... Rac8 13. Na4 Qe8 14. Nb6 Rd8 15. Qe2 Nd7 16. Na4 Nce5 17. Rac1 Nd3 18. Qxd3 Ne5 19. Qb1 Qxa4 20. Nd4 Rc8 21. b3 Qa5 22. Rf2 Nc6 23. Nxc6 Rxc6 24. Qd3 {½-½ (24) Wilhelmi,D (2473)-Tleptsok,R (2448) ICCF email 2013}) 13. Qe2 Qe7 14. Rfd1 {[%emt 0:04:36] White has an edge.} Rfd8 15. Rac1 Rac8 16. Nd4 Nd7 17. b3 b5 (17... Bxd4 $11 18. Bxd4 Nxd4 19. Rxd4 Ne5) 18. cxb5 $14 Nxd4 19. Bxd4 Bxd4+ 20. Rxd4 axb5 {[%emt 0:00:27][%cal Ob5b4] Strongly threatening ...b4!} 21. Qd2 Rb8 22. Rxd6 b4 23. Ne2 $36 {[%emt 0:03:04][%mdl 2048] White is in control. White is more active.} Ne5 24. Rd1 Nc6 {[%emt 0:02:31] White must now prevent ...Rxd6.} 25. e5 (25. Rxc6 Rxd2 26. Rxd2 Rd8 27. Rxd8+ Qxd8 $17) 25... Qa7+ {[%emt 0:01:51] White stays focused until the end.} 26. Kh1 Qf2 ({Black should try} 26... Qa5 $14) 27. Rc1 $16 Rxd6 28. exd6 (28. Qxd6 Rd8 29. Qxc6 Qxe2 $15) 28... Ne5 29. h3 Rb5 {[%emt 0:08:54] [#]} 30. f4 $1 ({Inferior is} 30. d7 Nxd7 31. Qxd7 Qxe2 $11) (30. Rc8+ Kg7 31. Qb2 (31. d7 Nxd7 32. Qxd7 Qxe2 $11) 31... Kh6 $11) 30... Nd7 {[%emt 0:00:47] [#]} 31. Qd4 Qxd4 (31... Qxe2 $2 {gets mated.} 32. Rc8+ Nf8 {[#]} 33. Rxf8+ $1 Kxf8 34. Qh8#) 32. Nxd4 $18 {[%emt 0:00:11][%mdl 4096] Endgame KRN-KRN} Rd5 33. Nc6 {[%emt 0:02:27] aiming for Ne7+.} Rxd6 34. Nxb4 e5 35. fxe5 Nxe5 36. Rc5 Rd1+ 37. Kh2 f6 {[%emt 0:01:10] White is clearly better.} 38. a4 Rb1 39. Rc3 {[%emt 0:01:08] Threatens to win with Nc2.} Ra1 40. Rc7 {[%emt 0:00:42] Weighted Error Value: White=0.04 (flawless) /Black=0.12 (very precise)} 1-0

[Event "10th Norway Chess 2022"]
[Site "Stavanger"]
[Date "2022.06.01"]
[Round "2.1"]
[White "So, Wesley"]
[Black "Carlsen, Magnus"]
[Result "1/2-1/2"]
[ECO "D46"]
[WhiteElo "2766"]
[BlackElo "2864"]
[Annotator "TA"]
[PlyCount "75"]
[EventDate "2022.05.30"]
[EventType "tourn"]
[EventCountry "NOR"]
[SourceTitle "playchess.com"]
[Source "ChessBase"]
[SourceQuality "1"]
[TimeControl "40/7200:0"]

1. d4 d5 2. c4 c6 3. Nf3 Nf6 4. Nc3 e6 5. e3 Nbd7 6. Qc2 Bd6 7. Bd3 O-O 8. O-O h6 9. b3 e5 {[%emt 0:00:21] [#] Strongly threatening ...e4. D46: Semi-Slav: 5 e3 Nbd7 6 Bd3, Black avoids the Meran.} 10. cxd5 Nxd5 11. Nxd5 cxd5 {[%emt 0:00:04] White is slightly better.} 12. dxe5 Nxe5 13. Nxe5 Bxe5 14. Bb2 Qf6 15. Bxe5 Qxe5 16. Rac1 Bd7 17. Qc7 Qxc7 18. Rxc7 Bc6 {[%emt 0:00:07] [#]} 19. Rc1 $146 ({Predecessor:} 19. b4 Rac8 20. Rxc8 Rxc8 21. Rc1 Bd7 22. Rxc8+ Bxc8 23. Kf1 Kf8 24. Ke2 Ke7 25. Bb5 {½-½ (43) Demir,B (2099)-Avci,A (1844) Konya 2016}) 19... Rfc8 20. Rxc8+ Rxc8 $14 {[%emt 0:00:02][%mdl 4096] Endgame KRB-KRB} 21. Kf1 Kf8 22. Ke2 Bd7 (22... Re8 $11 {was preferrable.}) 23. Rxc8+ Bxc8 {[%emt 0:00:01] KB-KB} 24. Kd2 Ke7 25. Kc3 Kd6 26. b4 b6 27. Kd4 a5 28. b5 Bd7 29. a4 Bc8 {[%emt 0:00:10] The position is equal.} 30. f4 f6 31. f5 Bb7 32. g3 Bc8 33. Bc2 Bd7 34. g4 {[%emt 0:00:06] [#] Threatens to win with Bb3.} Bc8 35. Bb3 Bb7 36. Ba2 Ba8 37. Bb3 Bb7 38. Ba2 {[%emt 0:00:04] Weighted Error Value: White=0.07 (flawless) /Black=0.06 (flawless)} 1/2-1/2

[Event "10th Norway Chess 2022"]
[Site "Stavanger"]
[Date "2022.06.01"]
[Round "2.1"]
[White "Radjabov, Teimour"]
[Black "Tari, Aryan"]
[Result "1/2-1/2"]
[ECO "D41"]
[WhiteElo "2753"]
[BlackElo "2654"]
[Annotator "TA"]
[PlyCount "65"]
[EventDate "2022.05.30"]
[EventType "tourn"]
[EventCountry "NOR"]
[SourceTitle "playchess.com"]
[Source "ChessBase"]
[SourceQuality "1"]
[TimeControl "40/7200:0"]

1. d4 Nf6 2. c4 e6 3. Nf3 d5 4. Nc3 c5 5. cxd5 cxd4 6. Qxd4 exd5 7. e4 {[%emt 0:00:06] D41: Queen's Gambit Declined: Semi-Tarrasch with 5 cxd5.} dxe4 $1 {[%emt 0:00:18][%mdl 4] outshines the older 7...Nc6.} 8. Qxd8+ Kxd8 9. Ng5 {[%emt 0:00:07][%csl LRe4,LRf7] White has an edge.} Be6 10. Nxe6+ fxe6 11. Bc4 Ke7 12. O-O {[%emt 0:00:35] next Re1 is good for White.} Kf7 13. Nb5 {[%emt 0:01:22][%mdl 1024] aiming for Nc7. White has compensation.} Na6 {[%emt 0:01:53] [#] Prevents Nc7.} 14. a3 $146 ({Predecessor:} 14. Be3 Bc5 15. Bxc5 Nxc5 16. b4 Na6 17. a3 Ke7 18. Rac1 Rhc8 19. Ba2 Nd5 20. Bb1 {½-½ (44) Spartinos,P (2357)-Baranowski,T (2359) ICCF email 2015}) 14... Be7 15. Be3 Rhc8 16. Rac1 Nc5 17. Rc2 a5 18. Rfc1 {[%emt 0:09:57] Hoping for Be2.} a4 $1 19. Bxc5 Rxc5 20. Bxe6+ Kxe6 21. Rxc5 Bxc5 22. Rxc5 $11 {[%emt 0:00:07][%mdl 4096] Endgame KRN-KRN} (22. Nc7+ Kd6 23. Nxa8 e3 24. Rd1+ Kc6 25. fxe3 Nd5) 22... Rd8 {[%emt 0:03:08][%cal Rd8d1] [#]} 23. Nc3 {[%emt 0:00:37] Inhibits Rd1+.} Rd2 24. Rb5 Nd5 {[%emt 0:02:14] Against Rb6+. Threatens to win with ...Nxc3.} 25. h4 Nxc3 26. bxc3 {[%emt 0:00:05] KR-KR} Ra2 27. Rxb7 Kf6 28. Rb4 Rxa3 29. Rxe4 Rxc3 (29... Ra1+ $11 {keeps the balance.} 30. Kh2 a3) 30. Rxa4 $16 {[%emt 0:00:04] White is better.} h5 31. Rf4+ Kg6 32. Kh2 Ra3 33. Rb4 {[%emt 0:02:54] Weighted Error Value: White=0.02 (flawless) /Black=0.06 (flawless)} 1/2-1/2

[Event "10th Norway Chess 2022"]
[Site "Stavanger"]
[Date "2022.06.01"]
[Round "2.1"]
[White "Vachier-Lagrave, Maxime"]
[Black "Mamedyarov, Shakhriyar"]
[Result "1/2-1/2"]
[ECO "D50"]
[WhiteElo "2750"]
[BlackElo "2770"]
[Annotator "TA"]
[PlyCount "63"]
[EventDate "2022.05.30"]
[EventType "tourn"]
[EventCountry "NOR"]
[SourceTitle "playchess.com"]
[Source "ChessBase"]
[SourceQuality "1"]
[TimeControl "40/7200:0"]

1. d4 Nf6 2. c4 e6 3. Nf3 d5 4. Nc3 c5 5. cxd5 cxd4 6. Qxd4 exd5 7. Bg5 Be7 8. e3 O-O {[%emt 0:00:06] D50: Queen's Gambit Declined: Dutch-Peruvian Gambit.} 9. Qa4 h6 10. Bh4 Nc6 11. Bb5 Ne4 {[%emt 0:13:18] The position is equal.} 12. Bxe7 Nxe7 13. Rc1 Qb6 14. O-O a6 {[%emt 0:03:29] [#] And now ...Nxc3 would win.} 15. Nxe4 dxe4 16. Qxe4 {[%emt 0:01:05] Black must now prevent Ba4.} Qxb5 17. Qxe7 Qxb2 18. a3 Bf5 19. Rc7 b5 {[%emt 0:01:39] [#]} 20. Qb4 $146 ({Predecessor:} 20. Qc5 Bd3 21. Re1 Bc4 {½-½ (21) Deforel,J (2245)-Assuncao,J (2335) ICCF email 2015}) 20... Qxb4 21. axb4 Rfc8 22. Rfc1 Rxc7 23. Rxc7 $11 {[%emt 0:00:07][%mdl 4096] Endgame KRB-KRN} a5 24. bxa5 Rxa5 {[%emt 0:00:04] [#] ( -> ...Ra1+)} 25. h3 b4 26. Nd4 Be4 27. f3 Bd5 28. e4 Ra1+ 29. Kh2 Rd1 (29... b3 $5 30. Rc8+ (30. exd5 $2 b2 $19) 30... Kh7 $11) 30. exd5 {[%emt 0:00:42] aiming for Nc6.} Rxd4 31. Rb7 Rxd5 32. Rxb4 {[%emt 0:00:04] An interesting draw.  Weighted Error Value: White=0.02 (flawless) /Black=0.01 (flawless)} 1/2-1/2

[Event "10th Norway Chess 2022"]
[Site "Stavanger"]
[Date "2022.06.01"]
[Round "2.1"]
[White "Wang, Hao"]
[Black "Giri, Anish"]
[Result "1/2-1/2"]
[ECO "B90"]
[WhiteElo "2744"]
[BlackElo "2761"]
[Annotator "TA"]
[PlyCount "64"]
[EventDate "2022.05.30"]
[EventType "tourn"]
[EventCountry "NOR"]
[SourceTitle "playchess.com"]
[Source "ChessBase"]
[SourceQuality "1"]
[TimeControl "40/7200:0"]

1. e4 c5 2. Nf3 d6 3. d4 cxd4 4. Nxd4 Nf6 5. Nc3 a6 6. h3 e5 7. Nb3 Be7 {[%emt 0:00:34] B90: Sicilian Najdorf: Unusual White 6th moves, 6 Be3 Ng4 and 6 Be3 e5.} 8. Be3 {[%emt 0:03:43] 8.g4 is more advanced technology.} Be6 9. f4 exf4 10. Bxf4 Nc6 11. Qe2 $1 Ne5 12. O-O-O Nfd7 13. Kb1 Rc8 14. Qe3 O-O 15. g4 Re8 16. Nd4 Qa5 17. a3 b5 18. Nf5 b4 (18... Bxf5 $5 19. gxf5 Nb6 $11) 19. axb4 Qxb4 20. Qd4 {[%emt 0:02:10] Really sharp! Active counter play!} Qa5 $1 21. Nxe7+ ({Inferior is} 21. Nxd6 Bxd6 22. Qxd6 Rxc3 23. bxc3 Nc5 $1 24. Qxe5 (24. Bxe5 $2 Qa2+ 25. Kc1 Qa3+ 26. Kd2 Nxe4+ 27. Ke1 Nxd6 $19) 24... Ba2+ 25. Kb2 Na4+ 26. Kc1 Rxe5 27. Bxe5 f5 $17) 21... Rxe7 22. Qxd6 {[%emt 0:00:12] [#]} Rxc3 $146 ({Predecessor:} 22... Ree8 23. Nd5 Qa4 24. Rh2 Bxd5 25. Qxd5 Nf6 26. Qb3 Qxe4 27. Bxe5 Qxe5 28. Re2 Ne4 {½-½ (39) Yu,Y (2704)-Vachier Lagrave,M (2763) Riga 2021}) 23. Bxe5 {[%emt 0:00:17] A strong pair of Bishops.} (23. Qxe7 {leads to mate.} Qa2+ 24. Kc1 {[#]} Nf3 $1 25. Qe8+ Nf8) 23... Ba2+ $1 (23... Qa2+ $2 24. Kc1 Qa1+ 25. Kd2 $18) 24. Kc1 Rxc2+ 25. Kxc2 Rxe5 26. Bc4 Rc5 27. Qxd7 (27. b3 $5 Qb4 28. Qg3 (28. Kb2 Bxb3 29. Qxc5 Qxc5 $17) 28... Bxb3+ 29. Qxb3 Rxc4+ 30. Kb2 $16) 27... Rxc4+ 28. Kd3 h6 $1 {[%emt 0:04:04] And now ...Qe5 would win. The position is equal.} 29. Rc1 Qb4 {[%emt 0:06:26][%csl LRb2,LRe4][%cal Oa2b1] aiming for ...Bb1+!} 30. Rxc4 Bxc4+ 31. Kc2 Bb3+ {[%emt 0:00:52][%mdl 64] Discovered Attack} 32. Kd3 Bc4+ {[%emt 0:00:03][%mdl 64] Discovered Attack.  Weighted Error Value: White=0.03 (flawless) /Black=0.02 (flawless)} 1/2-1/2

[Event "10th Norway Chess 2022"]
[Site "Stavanger"]
[Date "2022.06.01"]
[Round "2.1"]
[White "Topalov, Veselin"]
[Black "Anand, Viswanathan"]
[Result "0-1"]
[ECO "D10"]
[WhiteElo "2730"]
[BlackElo "2751"]
[Annotator "TA"]
[PlyCount "73"]
[EventDate "2022.05.30"]
[EventType "tourn"]
[EventCountry "NOR"]
[SourceTitle "playchess.com"]
[Source "ChessBase"]
[SourceQuality "1"]
[TimeControl "40/7200:0"]

1. d4 d5 2. c4 dxc4 3. e4 b5 4. a4 c6 5. Nc3 b4 6. Nb1 {[%emt 0:00:22] D10: Slav Defence: 3 cxd5 (without early Nf3) and 3 Nc3.} Ba6 $1 7. Qc2 Qxd4 {[%emt 0:03:35] ...Nf6 is the strong threat.} 8. Nf3 Qd7 ({Resist} 8... Qc5 9. Nbd2 $14) 9. Bxc4 Bxc4 10. Qxc4 e6 11. Be3 {[%emt 0:06:14] [#]} Nf6 $146 ({Predecessor:} 11... Qb7 12. O-O Nd7 13. Nbd2 Ngf6 14. Rac1 c5 15. e5 Nd5 16. Qg4 h5 17. Qe4 h4 {1-0 (52) Chumanov,V (2284)-Kolanek,R (2100) LSS email 2016}) 12. Nbd2 Be7 13. O-O O-O 14. Rfd1 c5 15. Bxc5 Rc8 $1 16. Nb3 ({Don't go for} 16. Ne5 $2 Qe8 17. Nb3 Nbd7 18. Nxd7 Nxd7 19. Rxd7 Qxd7 $19) 16... Qc7 {[%emt 0:04:01] Hoping for ...Nbd7.} 17. Qb5 a6 {[%emt 0:02:48] [#]} 18. Qxb4 Nc6 19. Qe1 Rab8 (19... Na5 $11 20. Nxa5 (20. Qxa5 Qxa5 21. Nxa5 Bxc5 $11) 20... Bxc5) 20. Bxe7 (20. Rac1 $5) 20... Qxe7 21. Nfd2 (21. Rac1 $5) 21... Qb4 22. Qe2 Nd4 23. Nxd4 Qxd4 24. b3 h6 25. Ra2 ({White should try} 25. Nf3 $14 Qc5 26. Nd4) 25... a5 $11 26. h3 Qb4 27. Qe1 (27. Kh2 {seems wilder.} Rc3 28. Rb2 Rbc8 29. e5) 27... Rc3 28. Rb2 Rd8 29. Rdb1 Nd7 {[%emt 0:03:34][%cal Bf6d7,Bd7c5,Bc5a4,Ba4c3][%mdl 1056] Black has compensation.} 30. Qe2 Rb8 31. Rd1 {[%emt 0:01:43] [#]} (31. Nc4 $11 {remains equal.}) 31... Nc5 $1 $17 32. Rbb1 Rd3 {[%emt 0:03:09] 0x0.001761e914e3dp-1022s more active pieces.} (32... Nxb3 $15 33. Nxb3 Rxb3 34. Rxb3 Qxb3) 33. e5 $11 {[%emt 0:01:43] The position is equal.} Rd5 34. Nc4 Rxd1+ 35. Qxd1 Nxa4 {[%emt 0:00:14] aiming for ...Nc3.} 36. Ra1 Nc3 37. Qd6 {[%emt 0:00:11] Weighted Error Value: White=0.08 (flawless) /Black=0.05 (flawless)} 0-1

[Event "10th Norway Chess 2022"]
[Site "Stavanger"]
[Date "2022.06.02"]
[Round "3.1"]
[White "Carlsen, Magnus"]
[Black "Radjabov, Teimour"]
[Result "1-0"]
[ECO "E05"]
[WhiteElo "2864"]
[BlackElo "2753"]
[Annotator "TA"]
[PlyCount "71"]
[EventDate "2022.05.30"]
[EventType "tourn"]
[EventCountry "NOR"]
[SourceTitle "playchess.com"]
[Source "ChessBase"]
[SourceQuality "1"]
[TimeControl "40/7200:0"]

1. d4 Nf6 2. c4 e6 3. Nf3 d5 4. g3 Be7 5. Bg2 O-O 6. O-O dxc4 7. Qc2 b5 8. a4 {[%emt 0:00:26] E05: Open Catalan: 5 Nf3 Be7.} Bb7 9. axb5 a6 10. bxa6 {[%emt 0:01:33] The position is equal.} Nxa6 11. Qxc4 Bd5 12. Qc3 c5 {[%emt 0:14:30] [#]} 13. Bf4 $1 $146 {[%emt 0:04:55][%mdl 8] A top novelty.} ({Predecessor:} 13. dxc5 Nxc5 14. Rxa8 Qxa8 15. Be3 Nfe4 16. Qc2 Rc8 17. Nc3 Nxc3 18. bxc3 Ne4 19. Bd4 Nxc3 20. Bxc3 {½-½ (98) Vidit,S (2723)-Nakamura,H (2766) Chess.com INT 2022}) 13... Ne4 14. Qc1 cxd4 15. Nxd4 Nec5 {[%emt 0:02:07] [#] ...Bxg2 is the strong threat.} 16. Bxd5 Qxd5 17. Be3 Qb7 18. Nd2 Rac8 19. Qb1 Nb4 20. N4f3 Qb5 21. Re1 Rfd8 22. Kf1 h6 23. Rc1 Bf8 24. Ne4 Nb3 25. Rxc8 Rxc8 26. Nc3 $1 Qb7 27. Ra4 Nd5 (27... Bc5 $11 {remains equal.}) 28. Nxd5 $16 Qxd5 29. Kg2 Qc6 ({Black should play} 29... Qb5 $14 30. Qe4 Na5) 30. Ra7 g5 31. Qd3 Nc5 32. Qc4 $40 {[%emt 0:00:29][%mdl 128] Threatens to win with b4. White is out for blood.} Qb6 33. Qa2 {[%emt 0:02:37] White is more active.} Qc6 ({Better is} 33... Qb5 $1 $14) 34. b4 Nd7 {[%emt 0:02:01] [#]} (34... Nb7 $16 {might work better.}) 35. b5 $1 $18 Qd6 36. Qa6 {[%emt 0:01:21] Weighted Error Value: White=0.04 (flawless) /Black=0.16 (very precise)} 1-0